 Dungeon Crawl Stone Soup version 0.20.1-1-g8b1a95d (webtiles) character file.

1367 gobwax the Slicer (level 8, -22/46 HPs)
             Began as a Kobold Berserker on July 4, 2017.
             Was a Priest of Trog.
             Annihilated by an ogre
             ... wielding a +0 giant club
              (25 damage)
             ... on level 5 of the Dungeon.
             The game lasted 00:11:48 (3716 turns).

gobwax the Slicer (Kobold Berserker)                Turns: 3716, Time: 00:11:50

Health: -22/46     AC:  7    Str: 17    XL:     8   Next: 97%
Magic:  8/8        EV: 14    Int:  8    God:    Trog [***...]
Gold:   147        SH:  0    Dex: 14    Spells: 7/7 levels left

rFire    . . .     SeeInvis .   B - +1 short sword (protect)
rCold    . . .     Gourm    .   (shield restricted)
rNeg     . . .     Faith    .   z - +0 ring mail "Dadarghusi" {MR+}
rPois    .         Spirit   .   x - +0 helmet
rElec    .         Reflect  .   d - +0 cloak
rCorr    .         Harm     +   (no gloves)
MR       +++..                  (no boots)
Stlth    +.........             m - amulet of harm
Regen    1.2/turn               (no ring)
MPRegen  0.2/turn               (no ring)

@: lethally poisoned (-22 -> -24), regenerating
A: carnivore 3
a: Berserk, Trog's Hand, Burn Spellbooks, Renounce Religion


You were on level 5 of the Dungeon.
You worshipped Trog.
Trog was most pleased with you.
You were not hungry.

You visited 1 branch of the dungeon, and saw 5 of its levels.

You collected 147 gold pieces.

Inventory:

Hand Weapons
 a - a +0 short sword
 B - a +1 short sword of protection (weapon)
 F - a +0 falchion of slicing
Armour
 b - a +0 animal skin
 d - a +0 cloak (worn)
 o - a scarf of spirit shield
 x - a +0 helmet (worn)
 y - a +0 leather armour
 z - the +0 ring mail "Dadarghusi" (worn) {MR+}
   (You found it on level 4 of the Dungeon)

   It affects your resistance to hostile enchantments.
Jewellery
 m - an amulet of harm (around neck)
 s - a cursed amulet of inaccuracy
 C - a cursed ring of loudness
Wands
 k - a wand of iceblast (9/15)
 w - a wand of polymorph (12/24)
 E - a wand of paralysis (14/24)
Scrolls
 e - 4 scrolls of identify
 f - a scroll of magic mapping
 g - 2 scrolls of remove curse
 h - 6 scrolls of teleportation {unknown}
 l - a scroll of recharging {unknown}
 q - a scroll of noise {unknown}
 v - a scroll of blinking {unknown}
 A - a scroll of random uselessness {unknown}
 D - a scroll of enchant armour {unknown}
Potions
 j - a potion of might {unknown}
 n - a potion of cancellation {unknown}
 r - 4 potions of curing {unknown}
 u - a potion of mutation {unknown}
 G - a potion of flight {unknown}
Comestibles
 c - 2 meat rations
 t - 2 royal jellies


   Skills:
 - Level 3.4 Fighting
 * Level 13.3 Short Blades
 - Level 1.5 Armour
 - Level 2.5 Dodging


You had 7 spell levels left.
You didn't know any spells.

Dungeon Overview and Level Annotations

Branches:
Dungeon (5/15)             Temple (0/1) D:4

Altars:
Ashenzari


Innate Abilities, Weirdness & Mutations

You are small and have problems with some larger weapons.
You are carnivorous and can eat meat at any time.


Message History

You feel resistant to hostile enchantments.
The water moccasin bites you.
You are poisoned.
The water moccasin poisons you!
As you read the scroll labeled LOGEER OREJYOR, it crumbles to dust.
It is a scroll of amnesia.
You feel forgetful for a moment.
You recover from your berserk rage.
You feel sick. The water moccasin bites you.
You are more poisoned.
The water moccasin poisons you! The ogre hits you with a giant club!!
* * * LOW HITPOINT WARNING * * *
The water moccasin closely misses you.
As you read the scroll labeled XAJEAJORUPT, it crumbles to dust.
The scroll dissolves into smoke.
It was a scroll of fog.
You feel sick. The water moccasin bites you.
* * * LOW HITPOINT WARNING * * *
The ogre hits you with a giant club!!
Ouch! That really hurt!
You die...

#######.......####.#
#....##.#...#..# #.#
#.......###.##.###.#
#...................
#.....#######.#..#.#
#....## #..#...÷ #..§§#
##.###.. #.§§§# #..###.
#.§@§# ##).... #.§SO# #
###.#..# #.§.§§#
....##......# ........
.........##.#
..>..............#####.#
................. #.#
#............... #..
#.............. ##.


oo.. . You could see a water moccasin and an ogre.

Vanquished Creatures
  The ghost of Agrougrou the Covered, an amateur DsFi of Okawaru (D:5)
  A hippogriff (D:5)
  Sigmund (D:2)
  Duvessa (D:4)
  An ice beast (D:5)
  Dowan (D:4)
  3 wights (D:4)
  A howler monkey (D:4)
  2 bullfrog zombies
  An orc priest (D:5)
  A hound (D:4)
  An orc wizard (D:5)
  Jessica (D:2)
  A worker ant (D:5)
  A hound skeleton (D:4)
  4 gnolls (D:4)
  6 adders
  A shadow imp (D:5)
  An adder skeleton (D:4)
  3 worms
  A dart slug (D:2)
  2 leopard geckos
  10 orcs
  6 bats
  5 giant cockroaches
  7 hobgoblins
  8 jackals
  5 kobolds
  2 quokkas (D:2)
  3 ball pythons
  4 frilled lizards
  6 goblins
  A jackal skeleton (D:4)
  4 rats
97 creatures vanquished.

Notes
Turn   | Place    | Note
-------+----------+-------------------------------------------
     0 | D:1      | gobwax the Kobold Berserker began the quest for the Orb.
     0 | D:1      | Reached XP level 1. HP: 14/14 MP: 1/1
   165 | D:1      | Reached XP level 2. HP: 8/19 MP: 2/2
   922 | D:2      | Reached skill level 5 in Short Blades
   937 | D:2      | Reached XP level 3. HP: 9/23 MP: 3/3
  1311 | D:2      | Reached XP level 4. HP: 18/28 MP: 1/4
  1462 | D:2      | Reached skill level 6 in Short Blades
  1471 | D:2      | Reached ** piety under Trog
  1567 | D:2      | Found a shattered altar of Ashenzari.
  1590 | D:2      | Noticed Jessica
  1599 | D:2      | Killed Jessica
  1609 | D:2      | Noticed Sigmund
  1619 | D:2      | Killed Sigmund
  1619 | D:2      | Reached skill level 8 in Short Blades
  1619 | D:2      | Reached XP level 5. HP: 32/32 MP: 3/5
  1619 | D:2      | Reached XP level 6. HP: 37/37 MP: 3/6
  2088 | D:3      | Reached skill level 9 in Short Blades
  2748 | D:4      | Found a staircase to the Ecumenical Temple.
  2752 | D:4      | Got a scorched ring mail
  2763 | D:4      | Identified the cursed +0 ring mail "Dadarghusi" {MR+} (You found it on level 4 of the Dungeon)
  2997 | D:4      | Reached XP level 7. HP: 41/41 MP: 7/7
  3000 | D:4      | Reached *** piety under Trog
  3009 | D:4      | Reached skill level 10 in Short Blades
  3208 | D:4      | Noticed Duvessa
  3236 | D:4      | Killed Duvessa
  3236 | D:4      | Reached skill level 11 in Short Blades
  3266 | D:4      | Noticed Dowan
  3291 | D:4      | Killed Dowan
  3291 | D:4      | Reached XP level 8. HP: 35/46 MP: 8/8
  3472 | D:5      | Entered Level 5 of the Dungeon
  3472 | D:5      | Noticed Agrougrou's ghost (amateur DsFi)
  3486 | D:5      | Killed Agrougrou's ghost
  3486 | D:5      | Reached skill level 12 in Short Blades
  3598 | D:5      | Noticed a hippogriff
  3615 | D:5      | Killed a hippogriff
  3615 | D:5      | Reached skill level 13 in Short Blades
  3716 | D:5      | Annihilated by an ogre

Skill      XL: |  1  2  3  4  5  6  7  8 |
---------------+-------------------------+-----
Short Blades   | 5 8 9 11 13 | 13.3
Fighting       | |  3.4
Armour         | |  1.5
Dodging        | |  2.5

Action                   |  1- 3 |  4- 6 |  7- 9 || total
-------------------------+-------+-------+-------++-------
Melee: Short sword       |    94 |   181 |   163 ||   438
Invok: Berserk           |     2 |     3 |     4 ||     9
       Trog's Hand       |       |     1 |     3 ||     4
  Use: Potion            |       |     2 |       ||     2
       Scroll            |       |     1 |     5 ||     6
 Stab: Sleeping          |     1 |       |       ||     1
       Distracted        |       |     1 |       ||     1
  Eat: Chunk             |     5 |    11 |     7 ||    23
Armor: Animal skin       |    12 |    14 |       ||    26
       Ring mail         |       |     2 |    40 ||    42
       Leather armour    |       |     2 |       ||     2
Dodge: Dodged            |    75 |   104 |    70 ||   249
